 Dungeon Crawl Stone Soup version 0.29-a0-857-g9b1aa3ac5b (webtiles) character file.

Game seed: 11852951763441371665

22 nxtlvl the Ducker (level 2, -1/18 HPs)
             Began as a Deep Elf Monk on July 16, 2022.
             Slain by Sigmund
             ... wielding a +0 scythe
              (5 damage)
             ... on level 2 of the Dungeon.
             The game lasted 00:03:59 (589 turns).

nxtlvl the Ducker (Deep Elf Monk)                    Turns: 589, Time: 00:04:00

Health: -1/18      AC:  6    Str:  6 (8)  XL:     2   Next: 68%
Magic:  4/4        EV: 12    Int: 12 (14) God:
Gold:   53         SH:  3    Dex: 16 (17) Spells: 1/1 levels left

rFire   . . .      SeeInvis .   a - +0 falchion
rCold   . . .      Faith    .   g - +0 buckler
rNeg    . . .      Spirit   .   c - +3 leather armour
rPois   .          Reflect  .   (no helmet)
rElec   .          Harm     .   (no cloak)
rCorr   .          Rampage  .   (no gloves)
Will    .....                   (no boots)
Stlth   ++........              (no amulet)
HPRegen 0.06/turn               (no ring)
MPRegen 0.09/turn               (no ring)

@: attractive
A: no striking features
a: no special abilities


You were on level 2 of the Dungeon.
You visited 1 branch of the dungeon, and saw 2 of its levels.

You collected 53 gold pieces.

Inventory:

Hand Weapons
 a - a +0 falchion (weapon)
Armour
 c - a +3 leather armour (worn)
 g - a +0 buckler (worn)
Scrolls
 d - 2 scrolls of blinking {unknown}
 e - a scroll of identify {unknown}
 i - a scroll of fear {unknown}
 j - 2 scrolls of amnesia {unknown}
Potions
 b - a potion of degeneration


   Skills:
 - Level 2.4 Fighting
 * Level 3.6 Long Blades
 - Level 3.6 Dodging
 - Level 2.4 Stealth


You had one spell level left.
You didn't know any spells.
Your spell library was empty.

Dungeon Overview and Level Annotations

Branches:
Dungeon (2/15)

Altars:

Annotations:
D:2 Natasha, Sigmund


Message History

Sigmund hits you with a +0 scythe.
It was a potion of attraction.
You feel attractive to monsters. Sigmund misses you.
You are more confused.
You feel invigorated. Sigmund attacks as you move away!
Sigmund hits you but does no damage. Sigmund barely misses you.
Sigmund is attracted toward you.
You see here 8 stones.
You barely miss Sigmund.
Sigmund is lightly wounded.
Sigmund closely misses you.
You slash Sigmund!
Sigmund is heavily wounded.
Sigmund completely misses you. Sigmund casts a spell at you.
The magic dart hits you but does no damage.
Sigmund is attracted toward you.
You bump into the rock wall.
Sigmund closely misses you.
You bump into the closed door.
You closely miss Sigmund.
Sigmund is heavily wounded.
You feel less invigorated. Sigmund closely misses you.
You bump into the closed door.
Sigmund casts a spell.
Sigmund flickers and vanishes!
Deactivating autopickup; reactivate with Ctrl-A.
You're too confused to move!
Something hits you!
Ouch! That really hurt!
Something hits you.
You bump into the closed door.
You bump into the rock wall.
You feel less confused. Something hits you but does no damage.
You closely miss something. Something hits you.
* * * LOW HITPOINT WARNING * * *
You hit something but do no damage.
Okay, then.
You closely miss something. Something hits you.
You die...

#########
#.......#
#..$....#
#.....{.+
#....(.@#
#.......#
#.......#
#.......#
#.......#
######+##


There were no monsters in sight!

Vanquished Creatures
  A dart slug (D:1)
  2 ball pythons (D:1)
  An endoplasm (D:1)
  A giant cockroach (D:1)
  3 hobgoblins (D:1)
  2 bats (D:1)
  7 frilled lizards
  4 rats (D:1)
21 creatures vanquished.

Vanquished Creatures (others)
  2 plants (D:1)
2 creatures vanquished.

Grand Total: 23 creatures vanquished

Notes
Turn   | Place    | Note
-------+----------+-------------------------------------------
     0 | D:1      | nxtlvl the Deep Elf Monk began the quest for the Orb.
     0 | D:1      | Reached XP level 1. HP: 13/13 MP: 3/3
    85 | D:2      | Noticed Natasha
   151 | D:1      | Found a faded altar of an unknown god.
   167 | D:1      | Reached XP level 2. HP: 17/18 MP: 4/4
   567 | D:2      | Noticed Sigmund
   589 | D:2      | Slain by Sigmund

Illustrated notes

Levels and vault maps discovered:
D:1:      minmay_arrival_stone_box, layout_basic,
          chequers_ecumenical_altar_twisty, minmay_lizard_king
D:2:      layout_basic, corexii_hall_statues_s, uniq_sigmund, uniq_jessica,
          uniq_natasha

Skill      XL: |  1 |
---------------+----+-----
Long Blades    | 3 |  3.6
Fighting       | |  2.4
Dodging        | |  3.6
Stealth        | |  2.4

Action                   || total
-------------------------++-------
Melee: Falchion          ||    72
  Use: Potion            ||     3
 Stab: Sleeping          ||     6
Armor: Leather armour    ||    23
Dodge: Dodged            ||    39
Block: Buckler           ||     8

Table legend: (Time is in decaauts)
 A = Elapsed time spent in this place.
 B = Non-inter-level travel time spent in this place.
 C = Inter-level travel time spent in this place.
 D = Time resting spent in this place.
 E = Time spent auto-exploring this place.
 F = Levels seen in this place.
 G = Mean time per level.
                   A        B        C        D        E       F      G
               +--------+--------+--------+--------+--------+-----+--------+
         Total |    600 |    576 |     24 |      0 |     10 |   2 |  300.0 |
       Dungeon |    600 |    576 |     24 |      0 |     10 |   2 |  300.0 |
               +--------+--------+--------+--------+--------+-----+--------+

Top non-repeatable levels by time:
     D:1: 558 daAuts
     D:2: 42 daAuts
